 Dungeon Crawl Stone Soup version 0.18.1-50-g88ac8fd (webtiles) character file.

25 Gargoyl the Skirmisher (level 2, -1/24 HPs)
             Began as a Demonspawn Abyssal Knight on Oct 3, 2016.
             Was a Follower of Lugonu.
             Slain by a gnoll (4 damage)
             ... on level 1 of the Dungeon.
             The game lasted 00:02:49 (1183 turns).

Gargoyl the Skirmisher (Demonspawn Abyssal Knight)  Turns: 1183, Time: 00:02:50

Health: -1/24      AC:  6    Str: 12    XL:     2   Next: 82%
Magic:  3/3        EV:  9    Int: 13    God:    Lugonu [*.....]
Gold:   59         SH:  0    Dex: 12    Spells: 0 memorised, 1 level left

rFire  x . .     SeeInvis .     a - +1 hand axe
rCold  + . .     Gourm    .     d - +0 scale mail
rNeg   . . .     Faith    .     (no shield)
rPois  .         Spirit   .     (helmet restricted)
rElec  .         Dismiss  .     (no cloak)
rCorr  .         Reflect  .     (no gloves)
SustAt .         Harm     .     (no boots)
MR     .....                    (no amulet)
Stlth  ..........               (no ring)
                                g - ring of ice

@: not resistant to hostile enchantments, extremely unstealthy
A: horns 1
a: Depart the Abyss, Renounce Religion


You were on level 1 of the Dungeon.
You worshipped Lugonu.
Lugonu was aware of your devotion.
You were not hungry.

You visited 1 branch of the dungeon, and saw 2 of its levels.
You visited the Abyss 1 time.

You collected 59 gold pieces.

Inventory:

Hand Weapons
 a - a +1 hand axe (weapon)
Armour
 d - a +0 scale mail (worn)
Jewellery
 g - a ring of ice (left hand)
 n - an uncursed ring of magical power {unknown}
Scrolls
 b - a scroll of identify {unknown}
 f - a scroll of remove curse {unknown}
 h - a scroll of noise {unknown}
 m - a scroll of enchant armour {unknown}
 o - a scroll of blinking {unknown}
 p - a scroll of random uselessness {unknown}
Potions
 e - a potion of heal wounds {unknown}
 i - 2 potions of flight {unknown}
 l - a potion of might {unknown}
Comestibles
 c - a bread ration
 j - a beef jerky


   Skills:
 + Level 3.4 Fighting
 + Level 1.8 Axes
 * Level 2.2 Armour
 + Level 1.1 Dodging
 * Level 2.6 Invocations


You had one spell level left.
You didn't know any spells.

Dungeon Overview and Level Annotations

Branches:
Dungeon (2/15)

Altars:


Innate Abilities, Weirdness & Mutations

You have a pair of small horns on your head.


Message History

The gnoll is lightly wounded.
The gnoll hits you.
You closely miss the gnoll.
The gnoll is lightly wounded.
The gnoll hits you but does no damage.
Your scale mail prevents you from hitting the gnoll.
You headbutt the gnoll.
The gnoll is heavily wounded.
The gnoll barely misses you. The gnoll hits you.
You hit the gnoll.
The gnoll is almost dead.
The gnoll hits you.
* * * LOW HITPOINT WARNING * * *
You barely miss the gnoll.
The gnoll is almost dead.
The gnoll hits you but does no damage.
You barely miss the gnoll.
The gnoll is almost dead.
The gnoll hits you.
You die...

#.(........#
#..........#
#..........#
#..........#
#..........#
######'##### #.#
###########.######
...............g@#
##############.###
##### #.# ....#
#.# ###.## #.#
#..# #.# ##.## #.#
#..# ##.# ##.#
##..#


You could see a gnoll.

Vanquished Creatures
  A dart slug (D:1)
  A ball python (D:1)
  2 giant cockroaches (D:1)
  2 goblins (D:1)
  5 hobgoblins (D:1)
  2 bats (D:1)
  2 giant newts
  3 kobolds
  3 rats (D:1)
21 creatures vanquished.

Notes
Turn   | Place    | Note
--------------------------------------------------------------
     0 | Abyss:1  | Gargoyl the Demonspawn Abyssal Knight began the quest for the Orb.
     0 | Abyss:1  | Reached XP level 1. HP: 18/18 MP: 2/2
   120 | Abyss:3  | Noticed a large abomination
   127 | Abyss:3  | Noticed a starcursed mass
   130 | Abyss:3  | Noticed a spatial vortex
   137 | Abyss:3  | Noticed a spatial vortex
   138 | D:1      | Escaped the Abyss
   671 | D:1      | Gained mutation: You have a pair of small horns on your head. [demonic ancestry]
   671 | D:1      | Reached XP level 2. HP: 21/24 MP: 3/3
   671 | D:1      | Reached * piety under Lugonu
   903 | D:1      | Reached skill level 1 in Dodging
  1183 | D:1      | Slain by a gnoll

Skill      XL: |  1  2 |
---------------+-------+-----
Armour         | 2 |  2.2
Dodging        | 1 |  1.1
Fighting       | |  3.4
Axes           | |  1.8
Invocations    | |  2.6

Action                   || total
-------------------------++-------
Melee: Hand axe          ||    60
       Headbutt          ||     5
Invok: Depart the Abyss  ||     1
  Eat: Chunk             ||     1
Armor: Scale mail        ||    38
Dodge: Dodged            ||    36
